 Dungeon Crawl Stone Soup version 0.30-a0-1082-g70414cbcbb (webtiles) character file.

Game seed: 9965053493898959771

7 voltaire321 the Sneak (level 2, 0/15 HPs)
             Began as a Kobold Enchanter on Apr 15, 2023.
             Frozen to death by an endoplasm (2 damage)
             ... on level 1 of the Dungeon.
             The game lasted 00:00:52 (131 turns).

voltaire321 the Sneak (Kobold Enchanter)             Turns: 131, Time: 00:00:53

Health: 0/15       AC:  2    Str:  5    XL:     2   Next: 5%
Magic:  5/5        EV: 15    Int: 16    God:
Gold:   9          SH:  0    Dex: 15    Spells: 5/5 levels left

rFire   . . .      SeeInvis .    a - +1 dagger
rCold   . . .      Faith    .    (no shield)
rNeg    . . .      Spirit   .    b - +0 robe
rPois   .          Reflect  .    (no helmet)
rElec   .          Rampage  .    (no cloak)
rCorr   .                        (no gloves)
Will    .....                    (no boots)
Stlth   ++++                     (no amulet)
HPRegen 0.22/turn                (no ring)
MPRegen 0.09/turn                (no ring)

@: invisible
A: small, no large weapons, nightstalker 3
a: no special abilities


You were on level 1 of the Dungeon.
You visited 1 branch of the dungeon, and saw 1 of its levels.

You collected 9 gold pieces.

Inventory:

Hand Weapons
 a - a +1 dagger (weapon)
Missiles
 d - 3 poisoned darts (quivered)
Armour
 b - a +0 robe (worn)
Potions
 c - a potion of invisibility


   Skills:
 + Level 0.3 Fighting
 + Level 1.5 Short Blades
 + Level 0.2 Armour
 + Level 2.5 Dodging
 + Level 4.1 Stealth
 + Level 2.3 Spellcasting
 + Level 3.0 Hexes


You had 5 spell levels left.
You didn't know any spells.
Your spell library contained the following spells:

 Spells                   Type           Power      Damage    Failure   Level
 Ensorcelled Hibernation  Hex/Ice        12%        N/A       16%         2
 Confusing Touch          Hex            11%        N/A       17%         3
 Tukima's Dance           Hex            11%        N/A       17%         3
 Dazzling Flash           Conj/Hex       12%        N/A       32%         3


Dungeon Overview and Level Annotations

Branches:
Dungeon (1/15)

Altars:


Innate Abilities, Weirdness & Mutations

You are small and have problems with some larger weapons.
You are completely attuned to the shadows.


Message History

The dart slug closely misses you. The hobgoblin barely misses you.
You hit the dart slug.
The dart slug is heavily wounded.
The hobgoblin barely misses you. The dart slug bites you.
* * * LOW HITPOINT WARNING * * *
You fade into invisibility!
The hobgoblin closely misses you.
The dart slug launches a dart past the hobgoblin.
The slug dart hits the hobgoblin.
The hobgoblin shouts!
You hear an angry hiss.
An endoplasm comes into view.
You barely miss the hobgoblin.
The hobgoblin is almost dead.
The hobgoblin closely misses you.
You barely miss the hobgoblin.
The hobgoblin is almost dead.
The hobgoblin misses you. The endoplasm barely misses you.
A frilled lizard comes into view.
You completely miss the hobgoblin.
The hobgoblin is almost dead.
The endoplasm misses you. The hobgoblin misses you.
The frilled lizard hisses angrily.
You hit the hobgoblin.
You kill the hobgoblin!
The endoplasm freezes you.
* * * LOW HITPOINT WARNING * * *
You barely miss the endoplasm. The endoplasm barely misses you.
The endoplasm attacks as you move away! The endoplasm closely misses you.
Okay, then.
The endoplasm attacks as you move away! The endoplasm hits you.
* * * LOW HITPOINT WARNING * * *
You hit the endoplasm.
The endoplasm is lightly wounded.
The endoplasm closely misses you.
You hit the endoplasm.
The endoplasm is moderately wounded.
The endoplasm freezes you.
You die...

...#...†# #...####. #......#
#........ #
#......#####.#.####. #$
###...............###. #.#
###.....................
#l##.w......≈..........###.
#..†...#...§...#.....# #.
##..§...#..≈..#...≈..## #.
#.†..≈..#@.≈..#..≈....# #.
#......≈.J#§§§#..≈.....###.
..#..#...≈.#§§§#.≈..†#......
.##...##..≈.#.#.≈..##...###.
..##.≈...§.##.....# #.
....#.....#.......# #.
≈≈§...<...≈≈≈≈≈§.# ##
...#.....#. .##.≈...≈.#


You could see an endoplasm.

Vanquished Creatures
  A ball python (D:1)
  2 hobgoblins (D:1)
  A quokka (D:1)
  A frilled lizard (D:1)
  3 rats (D:1)
8 creatures vanquished.

Notes
Turn   | Place    | Note
-------+----------+-------------------------------------------
     0 | D:1      | voltaire321 the Kobold Enchanter began the quest for the
                  | Orb.
     0 | D:1      | Reached XP level 1. HP: 10/10 MP: 3/3
   105 | D:1      | Reached XP level 2. HP: 8/15 MP: 5/5
   131 | D:1      | Frozen to death by an endoplasm

Illustrated notes

Levels and vault maps discovered:
D:1:      minmay_arrival_radiant_lines, layout_loops_ring,
          shapermc_ecumenical_altar_petra, corexii_corridor_pit, minivault_4

Action                     || total
---------------------------++-------
  Melee: Dagger            ||    41
         Punch             ||     1
    Use: Potion            ||     1
   Stab: Sleeping          ||     1
 Armour: Robe              ||     3
  Dodge: Dodged            ||    40

Table legend: (Time is in decaauts)
 A = Elapsed time spent in this place.
 B = Non-inter-level travel time spent in this place.
 C = Inter-level travel time spent in this place.
 D = Time resting spent in this place.
 E = Time spent auto-exploring this place.
 F = Levels seen in this place.
 G = Mean time per level.
                   A        B        C        D        E       F      G
               +--------+--------+--------+--------+--------+-----+--------+
         Total |    127 |    127 |      0 |     17 |     49 |   1 |  127.0 |
       Dungeon |    127 |    127 |      0 |     17 |     49 |   1 |  127.0 |
               +--------+--------+--------+--------+--------+-----+--------+

Top non-repeatable levels by time:
     D:1: 127 daAuts
